 Dungeon Crawl Stone Soup version 0.31-a0-881-ge136f0c47a (webtiles) character file.

Game seed: 16870204078761419826

206881 D12ThenQuit the Black Belt (level 19, -6/171 HPs)
             Began as an Octopode Fighter on Oct 15, 2023.
             Was a High Priest of Okawaru.
             Mangled by a +2 flail of draining (10 damage)
             ... on level 2 of the Elven Halls.
             The game lasted 02:20:23 (51991 turns).

D12ThenQuit the Black Belt (Octopode Fighter)      Turns: 51991, Time: 02:20:24

Health: -6/171     AC: 10    Str: 21    XL:     19   Next: 16%
Magic:  26/27      EV: 21    Int: 24    God:    Okawaru [*****.]
Gold:   1718       SH:  0    Dex: 23    Spells: 3/18 levels left

rFire   + .          .
                       - Unarmed
rCold   + . .        a - melded +0 buckler
rNeg    + . .        (helmet currently unavailable)
rPois   .            p - amulet "Sucw" {RegenMP Rampage rF+ Will+}
rElec   .            s - +6 ring of dexterity
rCorr   .            y - +6 ring of intelligence
SInv    +            h - +6 ring of intelligence
Will    ++...        P - ring of protection from fire
Stlth   +++          O - ring of ice
HPRegen 0.48/turn    S - ring of positive energy
MPRegen 0.60/turn    X - ring of see invisible
                     Y - ring of wizardry

%: rampage, wizardry (x1)
@: snake-form, finesse-ful, studying 2 skills
A: constrict, boosted hp, almost no armour, amphibious, 8 rings, large,
(camouflage 1), (gelatinous body 1), (nimble swimmer 1), (tentacles), screaming
1
a: Begin Untransformation, Renounce Religion, Heroism, Finesse, Duel


You were on level 2 of the Elven Halls.
You worshipped Okawaru.
Okawaru was extremely pleased with you.
You were an enormous anaconda.
You visited 7 branches of the dungeon, and saw 33 of its levels.
You also visited: Gauntlet and Ice Cave.

You collected 2953 gold pieces.
You spent 1235 gold pieces at shops.

Inventory:

Hand Weapons
 W - the +3 spear of Breach {flame, rElec rPois rF+++ Str-5}
   (You took it off a spriggan on level 4 of the Lair of Beasts)

   Str-5:     It affects your strength (-5).
   rF+++:     It renders you almost immune to fire.
   rElec:     It insulates you from electricity.
   rPois:     It protects you from poison
Missiles
 e - 2 throwing nets (quivered)
 n - 5 curare-tipped darts
Armour
 a - a +0 buckler (melded)
Jewellery
 d - an amulet of the acrobat
 h - a +6 ring of intelligence (on tentacle)
 j - an amulet of faith
 p - the amulet "Sucw" (around neck) {RegenMP Rampage rF+ Will+}
   (You found it on level 2 of the Dungeon)

   [amulet of magic regeneration]

   RegenMP:   It increases your rate of magic regeneration.
   rF+:       It protects you from fire.
   Will+:     It increases your willpower.
   Rampage:   It bestows one free step when moving towards enemies.
 s - a +6 ring of dexterity (left tentacle)
 y - a +6 ring of intelligence (right tentacle)
 O - a ring of ice (on tentacle)
 P - a ring of protection from fire (on tentacle)
 S - a ring of positive energy (on tentacle)
 X - a ring of see invisible (on tentacle)
 Y - a ring of wizardry (on tentacle)
 Z - a ring of ice
Talismans
 g - a serpent talisman (active)
 q - a flux talisman
 K - a talisman of death
Wands
 x - a wand of light (6)
 D - a wand of polymorph (16)
 E - a wand of flame (33)
 H - a wand of digging (8)
 J - a wand of iceblast (13)
 V - a wand of mindburst (4)
Scrolls
 i - 7 scrolls of teleportation
 l - 3 scrolls of fog
 o - 5 scrolls of amnesia
 r - 4 scrolls of revelation
 t - a scroll of brand weapon
 u - a scroll of fear
 v - 4 scrolls of noise
 F - 5 scrolls of enchant armour
 I - 6 scrolls of vulnerability
 N - 7 scrolls of identify
 T - 2 scrolls of immolation
 U - a scroll of poison
Potions
 b - 3 potions of heal wounds
 c - 7 potions of curing
 f - 7 potions of might
 k - 5 potions of brilliance
 m - 5 potions of mutation
 w - 5 potions of resistance
 z - 2 potions of cancellation
 B - a potion of enlightenment
 C - 3 potions of magic
 M - 5 potions of haste
 Q - a potion of berserk rage
Miscellaneous
 A - a lightning rod (4/4)
 L - a condenser vane


   Skills:
 - Level 16.8 Fighting
 - Level 14.6 Dodging
 - Level 5.0 Stealth
 - Level 3.0 Shields
 - Level 19.8 Unarmed Combat
 - Level 2.0 Conjurations
 - Level 6.0 Translocations
 - Level 2.0 Air Magic
 - Level 3.0 Poison Magic
 - Level 11.1 Invocations
 - Level 8.0 Evocations
 + Level 12.6 Shapeshifting


You had 3 spell levels left.
You knew the following spells:

 Your Spells              Type           Power      Damage    Failure   Level
a - Blink                 Tloc           58%        N/A       1%          2
b - Passage of Golubria   Tloc           29%        N/A       4%          4
c - Dispersal             Tloc           14%        N/A       56%         6
d - Mephitic Cloud        Conj/Pois/Air  11%        N/A       7%          3

Your spell library contained the following spells:

 Spells                   Type           Power      Damage    Failure   Level
 Gell's Gravitas          Tloc           29%        N/A       1%          3
 Teleport Other           Tloc           29%        N/A       1%          3
 Sting                    Tmut/Pois      28%        1d4       3%          1
 Poisonous Vapours        Pois/Air       24%        N/A       3%          2
 Static Discharge         Conj/Air       18%        2-3/arc   4%          2
 Ensorcelled Hibernation  Hex/Ice        0%         N/A       9%          2
 Jinxbite                 Hex            0%         N/A       9%          2
 Scorch                   Fire           0%         2d5       9%          2
 Sigil of Binding         Hex            0%         N/A       17%         3
 Manifold Assault         Tloc           29%        N/A       4%          4
 Dimensional Bullseye     Hex/Tloc       7%         N/A       16%         4
 Olgreb's Toxic Radiance  Pois           14%        N/A       16%         4
 Airstrike                Air            4%         2d(1-17)  26%         4
 Flame Wave               Conj/Fire      4%         2d5       34%         4
 Anguish                  Hex/Necr       0%         N/A       47%         4
 Leda's Liquefaction      Hex/Erth       0%         N/A       47%         4
 Iskenderun's Battlesphe  Conj           9%         2d6       54%         5
 Borgnjor's Vile Clutch   Necr/Erth      0%         N/A       82%         5
 Yara's Violent Unravell  Hex/Tmut       0%         3d3       82%         5
 Conjure Ball Lightning   Conj/Air       4%         3x3d6     98%         6
 Bombard                  Conj/Erth      2%         9d1       99%         6
 Ozocubu's Refrigeration  Ice            0%         4d7       100%        7
 Discord                  Hex            0%         N/A       100%        8
 Disjunction              Tloc           14%        N/A       100%        8
 Ignition                 Fire           0%         3d3       100%        8
 Chain Lightning          Conj/Air       4%         3d6       100%        9
 Polar Vortex             Ice            0%         N/A       100%        9
 Summon Small Mammal      Summ           Unusable   N/A       N/A         1
 Call Canine Familiar     Summ           Unusable   N/A       N/A         3
 Tukima's Dance           Hex            Unusable   N/A       N/A         3
 Summon Lightning Spire   Summ/Air       Unusable   N/A       N/A         4
 Animate Dead             Necr           Unusable   N/A       N/A         4
 Death Channel            Necr           Unusable   N/A       N/A         6
 Simulacrum               Ice/Necr       Unusable   N/A       N/A         6
 Summon Cactus Giant      Summ           Unusable   N/A       N/A         6
 Malign Gateway           Summ/Tloc      Unusable   N/A       N/A         7
 Spellforged Servitor     Conj/Summ      Unusable   N/A       N/A         7

Dungeon Overview and Level Annotations

Branches:
Dungeon (15/15)            Temple (1/1) D:6            Lair (5/5) D:9
 Shoals (4/4) Lair:2       Spider (4/4) Lair:3        Slime (0/5) Lair:4
    Orc (2/2) D:10            Elf (2/3) Orc:2        Vaults (0/5) D:14
 Depths (0/4) D:15          IceCv (visited)         Gauntlet (visited)

Altars:
Ashenzari
Cheibriados
Dithmenos
Elyvilon
Fedhas
Gozag
Hepliaklqana
Kikubaaqudgha
Makhleb
Nemelex Xobeh
Okawaru
Qazlal
Ru
Sif Muna
Trog
Uskayaw
Vehumet
Wu Jian
Xom
Yredelemnul
Zin
The Shining One

Shops:
D:4 *   D:8 (   D:9 ?   Orc:2 !:?:

Annotations:
Shoals:1 Nikola
Shoals:3 2 transporters, Hiprater's ghost, adept MiBe
Shoals:4 Mara
Spider:1 2 transporters, Spaninq's ghost, adept DgFE
Spider:4 Arachne
Elf:1 1 runed translucent door, hikkokomori's ghost, journeyman HuHu


Innate Abilities, Weirdness & Mutations

You are an enormous anaconda.
You have a powerful constriction melee attack.
Your maximum health is increased.
Your armour is entirely melded.
You are incapable of wielding weapons or throwing items.
You cannot wear most types of armour.
You are amphibious.
You can wear up to eight rings at the same time.
((Your skin changes colour to match your surroundings (Stealth+).))
((Your rubbery body absorbs attacks. (AC +1, EV +1)))
((You are camouflaged when in or above water. (Stealth+)))
((You have tentacles for arms and can constrict up to eight enemies at once.))
You occasionally shout uncontrollably at your foes.


Message History

The deep elf blademaster hits you but does no damage.
You feel much better.
You constrict the deep elf knight.
The deep elf blademaster hits you with a +0 quick blade!
* * * LOW HITPOINT WARNING * * *
The deep elf blademaster hits you but does no damage.
The deep elf blademaster hits you with a +0 quick blade!!
* * * LOW HITPOINT WARNING * * *
The deep elf blademaster completely misses you.
The deep elf pyromancer mumbles some strange words.
The deep elf knight closely misses you.
You feel much better.
You constrict the deep elf knight!
The deep elf blademaster hits you but does no damage.
The deep elf blademaster hits you with a +0 quick blade!
* * * LOW HITPOINT WARNING * * *
The deep elf blademaster barely misses you.
The deep elf blademaster hits you with a +0 quick blade!
* * * LOW HITPOINT WARNING * * *
The deep elf knight misses you.
The deep elf blademaster hits you with a +0 quick blade.
* * * LOW HITPOINT WARNING * * *
The deep elf blademaster hits you with a +0 quick blade.
* * * LOW HITPOINT WARNING * * *
The deep elf blademaster hits you with a +0 quick blade!
* * * LOW HITPOINT WARNING * * *
The deep elf blademaster completely misses you.
Okay, then.
Unknown command.
Press: ? - help, v - describe, . - travel
Here: a deep elf blademaster, wielding two +0 quick blades and wearing a +0 leather armour (almost dead)
The floor, spattered with blood.
Unknown command.
You feel much better.
You constrict the deep elf knight!
The deep elf blademaster completely misses you.
The deep elf blademaster hits you but does no damage.
The deep elf blademaster hits you with a +0 quick blade!!
* * * LOW HITPOINT WARNING * * *
The deep elf blademaster hits you with a +0 quick blade.
* * * LOW HITPOINT WARNING * * *
The deep elf knight barely misses you. The +2 flail of draining hits you!
You die...

*,,,,,,,,,** **,,,*#.............
,,,,,,,,,..###..,**#...##.....)..
,,,,,,,,,...#...** #.###.........
,,,,,,,,,.......## #.####......##
,,,,,,,,,........###.....)..#....
,,,,,,,,,.........####..)####.###
,,,,,,,,,.........####...###...##
,,,,,,,,,......().###.....##...##
,,,,***,,......eS'##)).#...#...##
,,,** **,......e#'.)....)..#...#.
,,,,* *,,.......##.'.#...#.......
,,,** **,...e...#'.'.............
,,,,***,,........'##...#.........
,,,,,,,,,○E.......*##)....##...#.
,,,,,,,,○.........* ###.##.#...##
,,,,,,,,,.........* ##.##.#...##
,,,,,,,,,,,......#* #...#.#...#


You could see a deep elf blademaster, a deep elf knight, a deep elf pyromancer,
a fire elemental (summoned) and a +2 flail of draining.

Vanquished Creatures
  A deep elf sorcerer (Elf:2)
  An emperor scorpion (Spider:3)
  A broodmother (Spider:3)
  A ghost moth (Spider:1)
  An ironbound preserver (D:14)
  A deep elf demonologist (Elf:2)
  A deep elf annihilator (Elf:1)
  3 spark wasps
  A minotaur (Gauntlet)
  The ghost of Dasappa the Fighter, a journeyman MiBe of Trog (Lair:4)
  4 dire elephants
  3 merfolk impalers
  A deep elf death mage (Elf:1)
  An entropy weaver (shapeshifter) (D:14)
  3 entropy weavers
  2 merfolk javelineers (Shoals:4)
  8 hydras
  2 jorogumos (Spider:3)
  Fannar (Lair:2)
  3 ogre magi (D:15)
  11 centaur warriors
  A death knight (D:14)
  A merfolk avatar (Shoals:4)
  3 radroaches
  3 catoblepae
  13 dancing weapons
  7 boulder beetles
  15 two-headed ogres
  8 death yaks
  2 alligator snapping turtles (Shoals:4)
  An orc high priest (Elf:1)
  A tengu warrior (D:14)
  3 demonic crawlers
  A spectral dire elephant (Lair:5)
  11 skeletal warriors
  A fire crab (Gauntlet)
  14 deep elf knights
  7 pharaoh ants
  A spectral anaconda (Lair:5)
  12 sea snakes
  2 skysharks
  A sun moth (Spider:3)
  6 deep elf archers
  An obsidian statue (Lair:5)
  A wizard (D:14)
  5 steelbarb worms
  6 orb spiders
  12 harpies
  A mana viper (shapeshifter) (Elf:1)
  20 deep elf pyromancers
  3 orc knights (Orc:2)
  11 wolf spiders
  5 cyclopes
  A shining eye (shapeshifter) (Elf:1)
  23 deep elf zephyrmancers
  3 ugly things
  4 necromancers (Lair:5)
  A salamander (D:15)
  An orc sorcerer (Elf:1)
  4 fauns
  9 manticores
  17 elephants
  An ice statue (Gauntlet)
  5 merfolk sirens
  2 dire elephant zombies (Lair:5)
  7 water nymphs
  6 torpor snails
  9 black mambas
  21 cane toads
  5 rime drakes
  An unseen horror (D:12)
  A kobold demonologist (D:12)
  2 freezing wraiths
  13 komodo dragons
  2 efreet (D:14)
  A meliai (Spider:3)
  3 polar bears
  8 wind drakes
  6 trolls
  17 merfolk
  26 tarantellas
  14 blink frogs
  2 hornets
  4 dream sheep
  12 snapping turtles
  15 jumping spiders
  2 air elementals (Elf:1)
  18 culicivoras
  8 slime creatures
  A shadow (D:7)
  7 wyverns
  2 spriggans (Lair:4)
  2 fire bats (Gauntlet)
  9 water elementals
  2 wraiths
  64 yaks
  A fire elemental (Orc:2)
  A golden eye (D:8)
  4 small abominations (Gauntlet)
  3 basilisks
  2 vampire mosquitoes (D:12)
  Grum (D:9)
  49 redbacks
  5 wargs
  2 spectral cane toads (Lair:5)
  2 acid dragons
  20 water moccasins
  2 large abominations (Gauntlet)
  3 black bears
  26 orc warriors
  An elephant zombie (Lair:5)
  3 ice beasts
  16 wolves
  A boggart (Lair:4)
  17 ogres
  30 centaurs
  2 elephant skeletons (Lair:5)
  2 kobold brigands
  2 phantoms (D:5)
  14 bullfrogs
  A gnoll sergeant (D:9)
  An earth elemental (Elf:2)
  6 wights (D:8)
  An elephant simulacrum (Lair:5)
  11 killer bees
  7 electric eels
  8 howler monkeys
  3 iron imps (D:4)
  A jelly (D:8)
  3 hounds
  18 orc priests
  A centaur skeleton (D:5)
  Ijyb (D:3)
  2 sleepcaps
  10 orc wizards
  6 hell rats (Lair:4)
  9 gnolls
  6 adders
  3 howler monkey skeletons (D:5)
  4 worms
  The ghost of Kurtz the Sneak, a weakling NaDe (D:5)
  2 dart slugs
  57 orcs
  4 ball pythons
  5 bats
  3 bat zombies (D:7)
  2 endoplasms
  5 giant cockroaches
  9 goblins
  2 hobgoblins
  3 jackals (D:3)
  6 quokkas
  2 frilled lizards (D:2)
  15 kobolds
  4 rats
  A rat zombie (D:7)
1023 creatures vanquished.

Vanquished Creatures (collateral kills)
  A wolf spider (Spider:1)
1 creature vanquished.

Vanquished Creatures (others)
  A deep elf knight (Elf:1)
1 creature vanquished.

Grand Total: 1025 creatures vanquished

Notes
Turn   | Place    | Note
-------+----------+-------------------------------------------
     0 | D:1      | D12ThenQuit the Octopode Fighter began the quest for the
                  | Orb.
     0 | D:1      | Reached XP level 1. HP: 16/16 MP: 1/1
   197 | D:1      | Reached XP level 2. HP: 21/21 MP: 2/2
   307 | D:1      | Reached skill level 3 in Unarmed Combat
   941 | D:1      | Found a faded altar of an unknown god.
  1073 | D:2      | Reached XP level 3. HP: 24/26 MP: 3/3
  1416 | D:2      | Reached skill level 4 in Unarmed Combat
  1480 | D:2      | Identified the amulet "Sucw" {RegenMP Rampage rF+ Will+}
  1676 | D:2      | Reached XP level 4. HP: 31/31 MP: 4/4
  2274 | D:3      | Noticed Ijyb
  2678 | D:4      | Reached skill level 1 in Stealth
  2678 | D:4      | Reached XP level 5. HP: 28/36 MP: 5/5
  2735 | D:4      | Reached skill level 5 in Unarmed Combat
  2815 | D:4      | Noticed a black bear
  2925 | D:4      | Killed a black bear
  2926 | D:4      | Reached XP level 6. HP: 31/42 MP: 6/6
  3098 | D:4      | Found a transporter.
  3101 | D:4      | Found Imieco's Assorted Antiques.
  3103 | D:4      | Found a transporter.
  3170 | D:4      | Bought a runed bone wand for 104 gold pieces
  3262 | D:5      | Entered Level 5 of the Dungeon
  3352 | D:5      | Noticed an ice beast
  3394 | D:5      | Reached skill level 5 in Stealth
  3394 | D:5      | Reached skill level 6 in Unarmed Combat
  3610 | D:5      | Found a glowing golden altar of the Shining One.
  3618 | D:5      | Reached XP level 7. HP: 37/46 MP: 7/7
  3708 | D:5      | Reached skill level 7 in Unarmed Combat
  3763 | D:5      | Noticed a troll
  3953 | D:5      | Found a runed translucent gate.
  3963 | D:5      | Found a runed translucent gate.
  3964 | D:5      | Found a runed translucent gate.
  3967 | D:5      | Noticed Kurtz's ghost (weakling NaDe)
  4161 | D:4      | Bought a coral ring for 130 gold pieces
  4386 | D:6      | Reached skill level 8 in Unarmed Combat
  4462 | D:6      | Found a staircase to the Ecumenical Temple.
  4557 | Temple   | Entered the Ecumenical Temple
  4583 | Temple   | Became a worshipper of Warmaster Okawaru
  4631 | D:6      | Reached XP level 8. HP: 42/52 MP: 8/8
  4999 | D:6      | Reached * piety under Okawaru
  5469 | D:6      | Reached skill level 1 in Invocations
  6057 | D:7      | Noticed a shadow
  6240 | D:5      | Reached XP level 9. HP: 34/59 MP: 11/11
  6649 | D:4      | Found a snail-covered altar of Cheibriados.
  6681 | D:4      | Found a hide-covered altar of Uskayaw.
  6720 | D:4      | Found a burning altar of Makhleb.
  6748 | D:4      | Reached ** piety under Okawaru
  6838 | D:3      | Killed Ijyb
  6966 | D:6      | Reached skill level 9 in Unarmed Combat
  7121 | D:7      | You fall into a shaft and drop 1 floor!
  7125 | D:8      | Found Ralesewej's Weapon Emporium.
  7183 | D:8      | Noticed a two-headed ogre
  7251 | D:8      | Reached skill level 5 in Fighting
  7251 | D:8      | Reached skill level 5 in Dodging
  7350 | D:8      | Reached skill level 5 in Invocations
  7377 | D:8      | Killed a two-headed ogre
  7377 | D:8      | Reached *** piety under Okawaru
  7378 | D:8      | Reached XP level 10. HP: 11/69 MP: 13/13
  7390 | D:8      | Reached skill level 10 in Unarmed Combat
  7961 | D:8      | Noticed Maggie
  7968 | D:8      | Maggie changed into Maggie the golden eye
  7968 | D:8      | Noticed Maggie
  7971 | D:8      | Killed Maggie the golden eye
  8432 | D:9      | Found Ismec's Magic Scroll Boutique.
  8439 | D:9      | Bought a scroll of identify for 28 gold pieces
  8439 | D:9      | Bought a scroll of identify for 28 gold pieces
  8439 | D:9      | Bought a scroll of identify for 28 gold pieces
  8439 | D:9      | Bought a scroll of teleportation for 42 gold pieces
  8728 | D:9      | Reached **** piety under Okawaru
  9476 | D:9      | Found a staircase to the Lair.
  9633 | D:9      | Noticed Grum
  9646 | D:9      | Killed Grum
 10093 | D:10     | Entered Level 10 of the Dungeon
 10254 | D:10     | Reached skill level 11 in Unarmed Combat
 10263 | D:10     | Reached XP level 11. HP: 31/77 MP: 14/14
 10660 | D:10     | Found a staircase to the Orcish Mines.
 11531 | D:11     | Noticed a manticore
 11586 | Lair:1   | Entered Level 1 of the Lair of Beasts
 11667 | Lair:1   | Reached skill level 1 in Shapeshifting
 11675 | Lair:1   | Noticed a death yak
 11676 | Lair:1   | Noticed a death yak
 11728 | Lair:1   | Killed a death yak
 12154 | Lair:1   | Noticed a death yak
 12223 | Lair:1   | Reached skill level 5 in Shapeshifting
 12524 | Lair:1   | Reached ***** piety under Okawaru
 12558 | Lair:1   | Received a gift from Okawaru
 12853 | Lair:2   | Noticed a boulder beetle
 13236 | Lair:2   | Noticed Fannar
 13353 | Lair:2   | Reached XP level 12. HP: 75/84 MP: 15/15
 13438 | Lair:1   | Noticed a death yak
 13675 | Lair:1   | Killed a death yak
 13744 | Lair:3   | Noticed an eight-headed hydra
 14026 | Lair:3   | Found a hole to the Spider Nest.
 14190 | Lair:3   | Reached skill level 10 in Shapeshifting
 14199 | Lair:3   | Received a gift from Okawaru
 14204 | Lair:3   | Found a frozen archway.
 14214 | IceCv    | Entered an ice cave
 14636 | Lair:3   | Noticed a six-headed hydra
 15167 | Lair:2   | Noticed a five-headed hydra
 15173 | Lair:4   | Noticed an eight-headed hydra
 15201 | Lair:4   | Found a staircase to the Slime Pits.
 15370 | Orc:1    | Entered Level 1 of the Orcish Mines
 15542 | Orc:2    | Entered Level 2 of the Orcish Mines
 16295 | Orc:2    | Reached skill level 12 in Unarmed Combat
 16531 | Orc:2    | Reached XP level 13. HP: 90/90 MP: 17/17
 17386 | Orc:2    | Found Ihocrub's Magic Scroll Boutique.
 17386 | Orc:2    | Found Nukle's Book Shoppe.
 17388 | Orc:2    | Found Tomotz Ovyo's Distillery.
 17390 | Orc:2    | Found Vamaumma's Book Shop.
 17401 | Orc:2    | Bought a potion of curing for 45 gold pieces
 17408 | Orc:2    | Bought a scroll of blinking for 112 gold pieces
 17408 | Orc:2    | Bought a scroll of teleportation for 45 gold pieces
 18788 | D:7      | Found an ancient bone altar of Kikubaaqudgha.
 19035 | D:11     | Received a gift from Okawaru
 20050 | D:12     | Found a broken altar of Ashenzari.
 20135 | D:12     | Reached skill level 13 in Unarmed Combat
 20192 | D:12     | Reached skill level 10 in Fighting
 20754 | D:13     | Reached skill level 10 in Dodging
 21074 | Lair:2   | Reached XP level 14. HP: 99/99 MP: 20/20
 21176 | Lair:2   | Received a gift from Okawaru
 21177 | Lair:2   | Reached skill level 14 in Unarmed Combat
 21368 | Lair:2   | Got an uncut book
 22243 | Lair:2   | Found a staircase to the Shoals.
 22427 | Lair:2   | Killed Fannar
 22560 | Lair:1   | Received a gift from Okawaru
 23769 | Lair:4   | Found a runed translucent door.
 23772 | Lair:4   | Noticed Dasappa's ghost (journeyman MiBe)
 23774 | Lair:4   | Identified the +3 spear of Breach {flame, rElec rPois rF+++
                  | Str-5}
 24234 | Lair:5   | Entered Level 5 of the Lair of Beasts
 24862 | Lair:5   | Reached skill level 15 in Unarmed Combat
 25067 | Lair:5   | Received a gift from Okawaru
 25436 | Lair:5   | Noticed a dire elephant
 25437 | Lair:5   | Noticed a dire elephant
 25446 | Lair:5   | Killed a dire elephant
 25447 | Lair:5   | Reached XP level 15. HP: 48/107 MP: 22/22
 25682 | Lair:5   | Reached skill level 10 in Invocations
 27225 | Orc:2    | Found a staircase to the Elven Halls.
 27353 | Orc:2    | Bought an Inescapable Atlas for 208 gold pieces
 27356 | Orc:2    | Learned a level 2 spell: Blink
 27981 | Orc:2    | Upgraded the game from 0.31-a0-879-g1609e0ac53 to
                  | 0.31-a0-881-ge136f0c47a
 28062 | Orc:2    | Bought 2 potions of heal wounds for 150 gold pieces
 28062 | Orc:2    | Bought 2 potions of invisibility for 240 gold pieces
 28273 | D:13     | Reached skill level 1 in Translocations
 29093 | D:14     | Reached skill level 16 in Unarmed Combat
 29096 | D:14     | Received a gift from Okawaru
 29545 | D:14     | Found a gate to the Vaults.
 30417 | D:14     | Received a gift from Okawaru
 30851 | D:14     | Learned a level 4 spell: Passage of Golubria
 30916 | D:14     | Found a sparkling altar of Nemelex Xobeh.
 31219 | D:15     | Entered Level 15 of the Dungeon
 31219 | D:15     | Found a gate leading to a gauntlet.
 31512 | D:14     | Reached XP level 16. HP: 116/116 MP: 24/24
 31602 | D:15     | Received a gift from Okawaru
 31633 | Gauntlet | Entered a Gauntlet
 31633 | Gauntlet | Found a transporter.
 31633 | Gauntlet | Found a transporter.
 31633 | Gauntlet | Found a transporter.
 31902 | Gauntlet | Found a transporter.
 31904 | Gauntlet | Found a transporter.
 31913 | Gauntlet | Found a transporter.
 31915 | Gauntlet | Found a transporter.
 31926 | Gauntlet | Found a transporter.
 31941 | Gauntlet | Found a transporter.
 31945 | Gauntlet | Found a transporter.
 31948 | Gauntlet | Found a transporter.
 31959 | Gauntlet | Found a transporter.
 32404 | D:15     | Reached skill level 5 in Translocations
 32886 | D:15     | Reached skill level 17 in Unarmed Combat
 32908 | D:15     | Found a staircase to the Depths.
 33591 | D:15     | Learned a level 6 spell: Dispersal
 33854 | Spider:1 | Entered Level 1 of the Spider Nest
 34259 | Spider:1 | HP: 5/136 [wolf spider[a torpor snail] (8)]
 34638 | Spider:1 | Learned a level 3 spell: Mephitic Cloud
 34799 | Spider:1 | Reached skill level 1 in Poison Magic
 34962 | Spider:1 | Reached skill level 1 in Air Magic
 34974 | Spider:1 | Reached skill level 1 in Conjurations
 35174 | Orc:2    | Bought a potion of heal wounds for 75 gold pieces
 35374 | D:5      | Killed Kurtz's ghost
 35725 | Spider:1 | Found a transporter.
 35725 | Spider:1 | Noticed Spaninq's ghost (adept DgFE)
 36537 | Spider:1 | Found a transporter.
 37066 | Spider:2 | Received a gift from Okawaru
 37181 | Spider:2 | Reached XP level 17. HP: 97/125 MP: 20/25
 38948 | Spider:2 | Reached skill level 18 in Unarmed Combat
 39566 | Spider:3 | Received a gift from Okawaru
 41290 | Spider:3 | Reached skill level 15 in Fighting
 42469 | Spider:4 | Entered Level 4 of the Spider Nest
 42469 | Spider:4 | Noticed Arachne
 42801 | Shoals:1 | Entered Level 1 of the Shoals
 43221 | Shoals:1 | Noticed Nikola
 43909 | Shoals:2 | Reached skill level 19 in Unarmed Combat
 45740 | Shoals:3 | Reached XP level 18. HP: 135/135 MP: 20/26
 45803 | Shoals:3 | Received a gift from Okawaru
 45990 | Shoals:3 | Found a transporter.
 46068 | Shoals:3 | Found a transporter.
 46072 | Shoals:3 | Noticed Hiprater's ghost (adept MiBe)
 46627 | Shoals:4 | Entered Level 4 of the Shoals
 47650 | Shoals:4 | Noticed Mara
 47906 | Elf:1    | Entered Level 1 of the Elven Halls
 48295 | Elf:1    | Gained mutation: You occasionally shout uncontrollably at
                  | your foes. [a shining eye]
 48739 | Elf:1    | Found a runed translucent door.
 48740 | Elf:1    | Found a shimmering altar of Xom.
 48740 | Elf:1    | Noticed hikkokomori's ghost (journeyman HuHu)
 48740 | Elf:1    | Found the +11 Singing Sword {sonic wave}
 48961 | Elf:1    | Reached skill level 1 in Evocations
 49203 | Lair:4   | Killed Dasappa's ghost
 49917 | Elf:1    | Paralysed by an air elemental for 1 turns
 50045 | Elf:1    | Reached skill level 5 in Evocations
 50325 | Elf:1    | You fall into a shaft and drop 1 floor!
 50325 | Elf:2    | Found a runed translucent gate.
 50325 | Elf:2    | Found a runed translucent gate.
 50329 | Elf:2    | Found a runed translucent gate.
 50639 | Elf:2    | Reached XP level 19. HP: 108/143 MP: 27/27
 51990 | Elf:2    | HP: 3/171 [deep elf blademaster/+0 quick blade (15)]
 51991 | Elf:2    | Mangled by a +2 flail of draining

Illustrated notes

Levels and vault maps discovered:
D:1:      reono_arrival_forest_river, layout_basic,
          shapermc_ecumenical_altar_petra, minmay_misc_feat_four_crosses
D:2:      layout_basic, chequers_serial_rivers_large_a
D:3:      layout_loops_ring, uniq_ijyb
D:4:      layout_basic, demons_altar, mainiacjoe_overflow_big_doors,
          serial_shops, nicolae_shop_drivethru
D:5:      layout_loops_ring, nicolae_overflow_crystal_walls,
          gammafunk_ghost_necromancy, serial_bayou_ford_a,
          hangedman_decor_diamond_cutter, minmay_manual_monstrance
D:6:      layout_gridville, minmay_temple_entry_sparse_star,
          reono_crystal_passage, serial_bayou_crossing
D:7:      layout_cave_pools, lemuel_zombie_altar_kikubaaqudgha,
          nicolae_tricolors
D:8:      layout_loops_ring, serial_aquarium, aquarium_bridge_long_separate
          [aquarium_subvault_bridge, aquarium_subvault_window,
          aquarium_subvault_bridge, aquarium_subvault_wall,
          aquarium_subvault_bridge, aquarium_subvault_bridge],
          aquarium_bridge_square [aquarium_subvault_wall,
          aquarium_subvault_bridge, aquarium_subvault_bridge,
          aquarium_subvault_window], aquarium_window_3, aquarium_window_fake,
          aquarium_window_1, aquarium_view_2f, aquarium_balcony_1b,
          serial_shops, nicolae_shop_tiny_glass, uniq_maggie
D:9:      layout_stronghold, lair_entry_dummy, serial_shops,
          nicolae_shop_peninsula, uniq_grum
D:10:     layout_basic, minmay_orc_entry_guard_dogs
D:11:     layout_loops_cross, chequers_serial_rivers_room_a
D:12:     layout_roguey, serial_aquarium, aquarium_bridge_straight
          [aquarium_subvault_bridge, aquarium_subvault_balcony,
          aquarium_subvault_bridge, aquarium_subvault_wall], aquarium_window_1,
          aquarium_window_1, aquarium_view_2c, aquarium_balcony_double_1,
          cheibrodos_ashenzari_chains
D:13:     layout_cave_pools
D:14:     layout_basic, skrybe_vaults_entry_preservation, serial_rivers,
          chequers_serial_rivers_small_b, chequers_serial_rivers_small_b,
          chequers_serial_rivers_small_a, chequers_serial_rivers_micro_a,
          chequers_serial_rivers_small_b, chequers_serial_rivers_marsh,
          nemelex_diamond_rough_becter
D:15:     hangedman_depths_entry_try_elsewhere_first, layout_rooms,
          dk_noncrumbling_4, gauntlet_entry_generic
Temple:   bh_familiar_temple
Lair:1:   layout_regular_city, patterned_corridor, lemuel_fruit_fields
Lair:2:   nzn_winding_woodlands_huge [nzn_winding_woodlands_5x15_sawtooth,
          nzn_winding_woodlands_5x15_parted,
          nzn_winding_woodlands_5x15_lazy_stream,
          nzn_winding_woodlands_5x15_eye, nzn_winding_woodlands_5x15_crooked,
          nzn_winding_woodlands_5x15_concentric,
          nzn_winding_woodlands_5x15_pool, nzn_winding_woodlands_5x15_zeroes,
          nzn_winding_woodlands_5x15_cabin,
          nzn_winding_woodlands_5x15_river_crossing,
          nzn_winding_woodlands_center_diamonds,
          nzn_winding_woodlands_center_garden,
          nzn_winding_woodlands_15x15_five_gardens], layout_misc_corridors,
          minmay_shoals_entry_hut, uniq_fannar
Lair:3:   cheibrodos_lair_river_kwai, layout_loops_ring, dummy_spider_entry,
          portal_ice_cave_entry_pillars_2, cheibrodos_lair_caveside_slide
Lair:4:   layout_cave_pods, slime_entry_1, ebering_ghost_funeral_grove,
          grunt_megastairs_1, serial_bayou_shore_b
Lair:5:   due_jungle_book, layout_regular_city, nicolae_lair_yak_garden
Shoals:1: layout_shoals, nicolae_shoals_cliffside_cave, uniq_nikola
Shoals:2: layout_shoals, nicolae_shoals_lost_giant_hut
Shoals:3: layout_shoals, gammafunk_ghost_berserking_beasts
Shoals:4: shoals_end_grunt_garden, layout_shoals, serial_shops, shop, uniq_mara
Spider:1: layout_spider_delve, gammafunk_ghost_arena,
          nicolae_spider_wall_of_niches
Spider:2: layout_spider_delve
Spider:3: layout_spider_delve, nicolae_spider_bug_shape
Spider:4: grunt_spider_rune_circles, spiders_nest_hornet_nest, uniq_mlioglotl,
          uniq_arachne, uniq_kirke
Orc:1:    layout_caves
Orc:2:    st_orc_rangers, layout_diamond_mine
Elf:1:    minmay_elf_arrival_plus, layout_gridlike, ebering_ghost_xom,
          evilmike_minifort
Elf:2:    elven_hall_of_blades_hangedman_original
          [infiniplex_blade_entry_pillars], layout_loops_cross

Skill      XL: |  1  2  3  4  5  6  7  8  9 10 11 12 13 14 15 16 17 18 19 |
---------------+----------------------------------------------------------+-----
Unarmed Combat | 3 4 5 6 8 9 11 12 13 15 16 17 19 | 19.8
Stealth        | 1 3 5 |  5.0
Fighting       | 4 6 8 9 10 11 12 14 16 | 16.8
Dodging        | 4 6 8 9 10 11 12 13 14 | 14.6
Invocations    | 3 5 6 8 9 11 | 11.1
Shapeshifting  | 7 10 12 | 12.6
Translocations | 3 6 |  6.0
Poison Magic   | 2 3 |  3.0
Air Magic      | 2 |  2.0
Conjurations   | 2 |  2.0
Evocations     | 7 8 |  8.0
Shields        | |  3.0

Action                     |  1- 3 |  4- 6 |  7- 9 | 10-12 | 13-15 | 16-18 | 19-21 || total
---------------------------+-------+-------+-------+-------+-------+-------+-------++-------
  Melee: Unarmed           |    85 |    76 |   163 |   527 |  1050 |  1333 |    62 ||  3296
         Constrict         |    17 |    18 |    34 |    82 |   177 |   312 |    15 ||   655
         Tentacles         |    10 |    19 |    43 |   102 |     1 |     1 |       ||   176
         Punch             |     2 |     5 |     7 |    27 |       |       |       ||    41
  Throw: Dart              |       |       |    12 |     4 |       |       |       ||    16
   Cast: Mephitic Cloud    |       |       |       |       |       |    14 |       ||    14
         Blink             |       |       |       |       |       |     1 |       ||     1
         Passage of Golubr |       |       |       |       |       |     3 |       ||     3
 Invoke: Heroism           |       |       |     2 |    18 |     8 |       |       ||    28
         Finesse           |       |       |       |       |    10 |    27 |     1 ||    38
Ability: Begin Untransform |       |       |       |       |     4 |       |       ||     4
  Evoke: Wand              |       |       |     8 |    13 |     3 |    29 |       ||    53
         Condenser vane    |       |       |       |       |       |     2 |       ||     2
    Use: Scroll            |     1 |     3 |     9 |     7 |     8 |     8 |       ||    36
         Potion            |       |       |     5 |     6 |     2 |     8 |     3 ||    24
   Stab: Sleeping          |     9 |     8 |    10 |    12 |    24 |    13 |       ||    76
         Distracted        |       |       |     3 |     1 |     5 |     5 |     2 ||    16
         Invisible         |       |       |     1 |       |       |     5 |       ||     6
         Petrifying        |       |       |       |       |     2 |       |       ||     2
         Confused          |       |       |       |       |       |     2 |       ||     2
 Armour: Skin              |    25 |    26 |    47 |   231 |   518 |   615 |    45 ||  1507
  Dodge: Dodged            |    41 |    26 |    70 |   334 |   682 |   833 |    42 ||  2028
  Block: Buckler           |    13 |     8 |    36 |    38 |     2 |       |       ||    97
   Form: Flux              |       |       |       |     1 |     1 |     1 |       ||     3
         Anaconda          |       |       |       |     1 |     2 |     1 |       ||     4
         Death             |       |       |       |       |     1 |       |       ||     1

Table legend: (Time is in decaauts)
 A = Elapsed time spent in this place.
 B = Non-inter-level travel time spent in this place.
 C = Inter-level travel time spent in this place.
 D = Time resting spent in this place.
 E = Time spent auto-exploring this place.
 F = Levels seen in this place.
 G = Mean time per level.
                   A        B        C        D        E       F      G
               +--------+--------+--------+--------+--------+-----+--------+
         Total |  50937 |  46583 |   4354 |  16956 |  16180 |  35 | 1455.3 |
       Dungeon |  19476 |  17538 |   1938 |   4226 |   8856 |  15 | 1298.4 |
        Temple |     44 |      7 |     37 |      0 |      0 |   1 |   44.0 |
          Lair |  11264 |   9808 |   1456 |   3401 |   3589 |   5 | 2252.8 |
        Shoals |   4740 |   4564 |    176 |   2246 |    351 |   4 | 1185.0 |
   Spider Nest |   7907 |   7589 |    318 |   4215 |   1261 |   4 | 1976.8 |
  Orcish Mines |   3686 |   3347 |    339 |   1614 |    873 |   2 | 1843.0 |
   Elven Halls |   3158 |   3070 |     88 |    895 |   1250 |   2 | 1579.0 |
      Ice Cave |      3 |      3 |      0 |      0 |      0 |   1 |    3.0 |
      Gauntlet |    656 |    656 |      0 |    358 |      0 |   1 |  656.0 |
               +--------+--------+--------+--------+--------+-----+--------+

Top non-repeatable levels by time:
Spider:3: 3020 daAuts
Spider:2: 2941 daAuts
  Lair:1: 2505 daAuts
    D:14: 2422 daAuts
  Lair:2: 2406 daAuts
  Lair:5: 2385 daAuts
   Orc:2: 2354 daAuts
  Lair:3: 2177 daAuts
     D:9: 1957 daAuts
Spider:1: 1939 daAuts
   Elf:1: 1900 daAuts
    D:10: 1806 daAuts
  Lair:4: 1789 daAuts
Shoals:2: 1776 daAuts
     D:8: 1500 daAuts
